Map: Malwarfare

Players

Sindyr

  • Race: Terran Terran
  • League: Master

Siliatra

  • Race: Protoss Protoss
  • Spawn Location: 7:00

VOD

Have the link to the VOD?

Description

Time

  • Played on: Sept. 18, 2025, 4:12 p.m.
  • Length: 15:37
Show
View Real Time Build Order
Export as new Build Order

Sindyr Terran 

Build Orders:  

Get SALT Encoding   

  13  0:14  SCV, Dominion Trooper  
  14  0:26  SCV  
  21  0:41  Supply Bunker, Dominion Trooper x6, SCV  
  21  0:49  SCV  
  23  0:54  Supply Bunker x2  
  23  0:57  SCV  
  24  1:05  SCV  
  24  1:08  SCV  
  25  1:13  SCV, Refinery  
  25  1:15  SCV x6  
  26  1:33  SCV  
  27  1:40  Refinery  
  27  1:41  SCV  
  27  1:49  SCV  
  29  1:56  Engineering Bay  
  29  1:57  SCV  
  30  2:04  Engineering Bay  
  30  2:24  Barracks  
  30  2:34  Barracks  
  30  2:35  SCV  
  31  2:43  SCV  
  32  2:51  SCV  
  32  2:58  Supply Bunker, Dominion Trooper x6  
  39  3:15  Dominion Trooper  
  39  3:57  Dominion Trooper x4  
  39  3:58  Dominion Trooper x5  
  39  3:59  Dominion Trooper x7  
  39  4:06  SCV  
  40  4:14  SCV  
  41  4:22  SCV  
  42  4:30  SCV  
  42  4:38  SCV  
  42  4:39  Marauder  
  45  4:46  SCV  
  46  4:53  SCV  
  47  5:11  Earthsplitter Ordinance  
  47  5:24  Supply Bunker, Dominion Trooper x6  
  53  5:33  Marauder  
  57  5:43  Supply Bunker  
  57  5:54  SCV  
  58  6:02  SCV  
  58  6:08  Orbital Trooper Pods  
  59  6:10  SCV  
  59  6:12  Neosteel Armor  
  59  6:18  SCV  
  61  6:25  SCV  
  62  6:33  SCV  
  63  6:41  SCV  
  63  6:49  SCV  
  49  7:21  SCV  
  49  7:24  Command Center  
  49  7:29  SCV  
  50  7:32  Factory  
  50  7:37  SCV  
  48  7:45  SCV  
  48  7:49  Supply Bunker, Dominion Trooper x6  
  55  7:53  SCV  
  54  8:01  SCV  
  57  9:01  Supply Bunker, Dominion Trooper x6  
  57  9:13  Refinery  
  57  9:14  SCV x2  
  59  9:22  SCV x2  
  59  9:29  Refinery  
  61  9:30  SCV x2  
  61  9:38  SCV x2  
  65  9:43  Supply Bunker  
  65  9:45  Supply Bunker  
  65  9:46  SCV x2  
  67  9:54  SCV x2  
  69  10:02  SCV x2  
  71  10:10  SCV x2  
  71  10:12  Aim-assist Embrasures  
  71  10:13  Hemispheric Acceleraants  
  69  10:26  Dominion Trooper x2  
  71  10:33  Dominion Trooper  
  71  10:34  Dominion Trooper  
  73  10:41  Dominion Trooper  
  73  10:42  Dominion Trooper  
  73  10:49  Dominion Trooper  
  82  10:50  Dominion Trooper  
  82  10:52  Supply Bunker, Dominion Trooper x6  
  82  10:57  Dominion Trooper  
  82  10:58  Dominion Trooper  
  83  11:05  Dominion Trooper  
  83  11:06  Dominion Trooper  
  76  11:13  Dominion Trooper  
  76  11:14  Dominion Trooper  
  77  11:21  Dominion Trooper x2  
  77  11:29  Dominion Trooper x2  
  81  11:37  SCV, Dominion Trooper x2  
  83  11:45  Dominion Trooper  
  76  11:53  Dominion Trooper x2  
  78  12:01  Dominion Trooper x2  
  78  12:06  Armory  
  78  12:09  Dominion Trooper x2  
  82  12:11  Starport  
  82  12:17  Dominion Trooper x2  
  83  12:25  Dominion Trooper x2  
  84  12:33  Dominion Trooper x2  
  86  12:40  Dominion Trooper  
  86  12:41  Dominion Trooper  
  86  12:48  Dominion Trooper  
  86  12:49  Dominion Trooper  
  90  12:51  Earthsplitter Ordinance  
  90  12:54  Earthsplitter Ordinance  
  90  12:56  Dominion Trooper  
  90  12:57  Dominion Trooper  
  90  13:02  Starport  
  90  13:05  Dominion Trooper x2  
  92  13:13  Dominion Trooper x2  
  92  13:15  Supply Bunker, Dominion Trooper x6  
  100  13:21  Dominion Trooper x2  
  100  13:29  Dominion Trooper x2  
  104  13:37  Dominion Trooper x2  
  101  13:44  Medivac  
  101  13:45  Dominion Trooper x2  
  104  13:53  Dominion Trooper x2  
  95  14:01  Dominion Trooper x2  
  95  14:05  Medivac  
  94  14:13  Dominion Trooper  
  94  14:14  Dominion Trooper  
  96  14:21  Dominion Trooper  
  96  14:22  Dominion Trooper  
  96  14:26  Medivac  
  96  14:29  Dominion Trooper  
  101  14:30  Dominion Trooper  
  101  14:37  Dominion Trooper  
  101  14:38  Dominion Trooper  
  103  14:45  Dominion Trooper x2  
  103  14:47  Medivac  
  107  14:53  Dominion Trooper x2  
  107  14:55  Imperial Witness  
  111  15:01  Dominion Trooper x2  
  111  15:08  Medivac  
  111  15:09  Dominion Trooper x2  
  117  15:17  Dominion Trooper x2  
  118  15:25  Dominion Trooper x2  
  107  15:33  Dominion Trooper x2  
Show
View Real Time Build Order
Export as new Build Order

Siliatra Protoss 

Build Orders:  

Get SALT Encoding   

  12  0:03  Probe (Chrono Boost)  
  13  0:12  Dark Pylon  
  13  0:16  Probe (Chrono Boost)  
  14  0:27  Probe (Chrono Boost)  
  15  0:33  Assimilator  
  15  0:37  Assimilator  
  15  0:42  Probe (Chrono Boost)  
  16  0:54  Probe (Chrono Boost)  
  17  1:04  Gateway  
  17  1:09  Probe (Chrono Boost)  
  18  1:21  Probe (Chrono Boost)  
  18  1:22  Dark Pylon  
  19  1:32  Probe (Chrono Boost)  
  20  1:44  Probe (Chrono Boost)  
  21  1:56  Probe (Chrono Boost)  
  22  2:01  Forge  
  22  2:08  Probe (Chrono Boost)  
  23  2:19  Cybernetics Core  
  23  2:25  Probe (Chrono Boost)  
  24  2:41  Probe (Chrono Boost)  
  25  2:53  Probe (Chrono Boost)  
  26  3:10  Stargate  
  26  3:13  Stargate  
  26  3:17  Stargate  
  26  3:23  Warp Gate  
  26  3:47  Pylon x2  
  26  4:00  Pylon  
  26  4:01  Pylon  
  26  4:06  Void Ray  
  30  4:46  Nexus  
  31  5:00  Void Ray  
  31  5:05  Probe (Chrono Boost)  
  31  5:19  Void Ray  
  40  5:22  Probe (Chrono Boost)  
  40  5:33  Assimilator  
  40  5:39  Assimilator, Probe (Chrono Boost)  
  41  5:42  Dark Pylon  
  41  5:56  Void Ray  
  41  6:14  Void Ray  
  49  6:32  Void Ray  
  49  6:36  Probe (Chrono Boost)  
  54  6:48  Probe (Chrono Boost)  
  56  6:51  Probe (Chrono Boost)  
  56  7:00  Void Ray  
  56  7:08  Probe (Chrono Boost)  
  57  7:12  Protoss Air Weapons Level 1  
  61  7:49  Fleet Beacon  
  61  7:51  Corsair  
  61  7:57  Void Ray  
  68  8:10  Probe (Chrono Boost)  
  68  8:16  Probe (Chrono Boost)  
  69  8:22  Probe (Chrono Boost)  
  69  8:29  Void Ray  
  71  8:33  Probe (Chrono Boost)  
  71  8:34  Probe (Chrono Boost)  
  71  8:35  Cybernetics Core  
  54  8:50  Probe (Chrono Boost)  
  77  8:52  Pylon  
  77  8:55  Pylon  
  77  8:57  Pylon x2  
  77  8:59  Pylon  
  77  9:17  Corsair, Void Ray  
  83  9:26  Void Ray  
  87  9:38  Protoss Air Armor Level 1  
  87  10:00  Protoss Shields Level 1  
  87  10:25  Void Ray  
  87  10:27  Disruption Web  
  78  11:05  Void Ray x2  
  86  11:11  Gateway  
  86  11:12  Gateway  
  86  11:13  Gateway  
  86  11:37  Void Ray  
  90  11:48  Dark Pylon  
  88  12:05  Void Ray x2  
  96  12:25  Centurion  
  98  12:37  Void Ray  
  98  12:38  Nexus  
  102  12:40  Pylon  
  102  12:42  Pylon  
  102  12:43  Stealth Drive  
  102  13:05  Corsair x2  
  106  13:19  Dark Pylon  
  106  13:46  Centurion x2  
  106  13:47  Centurion x2  
  104  14:33  Dark Pylon  
  88  14:54  Centurion x3  
  88  14:55  Centurion  
  108  15:04  Gateway  
  108  15:06  Gateway  
Tags
 
Commander
MengskVorazun
League
Master
Matchup
Co-op
Replay Pack
Multiplayer
Add a new tag
Caveats
  • Supply blocks, unpowered buildings, or Contaminate may cause inaccurate times.
  • Supply counts are checked every 10 seconds.